 Dungeon Crawl Stone Soup version 0.30.0-29-ga12c61a403 (webtiles) character file.

Game seed: 7827610201611485235

5454 KamiKatze the Cleaver (level 10, -3/53 HPs)
             Began as a Vine Stalker Fighter on June 7, 2023.
             Was a Follower of Uskayaw.
             Slain by a hornet (6 damage)
             ... while paralysed by a hornet
             ... on level 9 of the Dungeon.
             The game lasted 00:27:55 (6670 turns).

KamiKatze the Cleaver (Vine Stalker Fighter)        Turns: 6670, Time: 00:27:55

Health: -3/53      AC: 15    Str: 24    XL:     10   Next: 68%
Magic:  0/15       EV:  2    Int:  8    God:    Uskayaw [*.....]
Gold:   421        SH:  0    Dex: 13    Spells: 9/9 levels left

rFire   . . .        a - +0 war axe
rCold   + . .        c - +0 buckler
rNeg    . . .        b - +0 scale mail
rPois   .            o - +0 helmet
rElec   .            r - +1 cloak
rCorr   .            j - +0 pair of gloves
SInv    +            E - +2 pair of boots of Xoocligh {SInv}
Will    +....        O - amulet of magic regeneration Stlth
                     w - ring of protection from cold
HPRegen 1.08/turn    (no ring)
MPRegen 0.54/turn

%: guardian spirit
@: paralysed, slowed, invisible
A: fangs 3, regeneration 1, magic shield, antimagic bite, no potion heal 2
a: Renounce Religion, Stomp


You were on level 9 of the Dungeon.
You worshipped Uskayaw.
Uskayaw was noncommittal.
You visited 2 branches of the dungeon, and saw 10 of its levels.
You also visited: Sewer, Ossuary and Bailey.

You collected 434 gold pieces.
You spent 13 gold pieces at shops.

Inventory:

Hand Weapons
 a - a +0 war axe (weapon)
 t - a +0 morningstar
 v - the +8 whip of Zivvehoe {protect, rN++}
   (You found it on level 5 of the Dungeon)

   rN:        It greatly protects you from negative energy.
 L - a +0 trident
Missiles
 D - 5 atropa-tipped darts
 F - 18 poisoned darts (quivered)
 M - 2 curare-tipped darts
Armour
 b - a +0 scale mail (worn)
 c - a +0 buckler (worn)
 j - a +0 pair of gloves (worn)
 o - a +0 helmet (worn)
 r - a +1 cloak (worn)
 u - a +0 chain mail
 E - the +2 pair of boots of Xoocligh (worn) {SInv}
   (You found it on level 5 of the Dungeon)

   SInv:      It lets you see invisible.
Jewellery
 w - a ring of protection from cold (left hand)
 O - an amulet of magic regeneration (around neck)
Wands
 C - a wand of paralysis (37)
 K - a wand of roots (2)
 N - a wand of mindburst (3)
Scrolls
 e - a scroll of magic mapping {unknown}
 f - 4 scrolls of enchant armour
 h - a scroll of fear
 k - 2 scrolls of enchant weapon {unknown}
 m - 2 scrolls of fog
 n - 2 scrolls of blinking
 s - a scroll of summoning {unknown}
 y - 3 scrolls of teleportation
 G - 3 scrolls of vulnerability
 H - 2 scrolls of brand weapon {unknown}
 I - a scroll of amnesia
Potions
 d - 4 potions of might
 g - 6 potions of curing
 i - 2 potions of mutation
 l - a potion of brilliance {unknown}
 p - 3 potions of flight
 q - 4 potions of lignification
 x - 3 potions of magic
 z - 6 potions of attraction
 A - 3 potions of cancellation
 B - 3 potions of haste
 J - a potion of resistance


   Skills:
 + Level 6.1 Fighting
 * Level 8.1 Axes
 + Level 5.6 Armour
 + Level 4.9 Dodging
 - Level 4.0 Shields
 + Level 5.8 Invocations
 - Level 3.0 Evocations


You had 9 spell levels left.
You didn't know any spells.
Your spell library contained the following spells:

 Spells                   Type           Power      Damage    Failure   Level
 Blink                    Tloc           0%         N/A       88%         2
 Lesser Beckoning         Tloc           0%         N/A       88%         2
 Momentum Strike          Conj/Tloc      0%         3d8       88%         2
 Static Discharge         Conj/Air       0%         2-2/arc   88%         2
 Hailstorm                Conj/Ice       0%         3d3       98%         3
 Ice Form                 Ice/Tmut       0%         N/A       100%        4
 Fireball                 Conj/Fire      0%         3d3       100%        5
 Simulacrum               Ice/Necr       0%         N/A       100%        6
 Orb of Destruction       Conj           0%         9d5       100%        7


Dungeon Overview and Level Annotations

Branches:
Dungeon (9/15)             Temple (1/1) D:7             Orc (0/2) D:9
  Sewer (visited)         Ossuary (visited)          Bailey (visited)
   Lair: D:8-11

Altars:
Ashenzari
Cheibriados
Dithmenos
Fedhas
Hepliaklqana
Kikubaaqudgha
Makhleb
Nemelex Xobeh
Okawaru
Qazlal
Ru
Sif Muna
Trog
Uskayaw
Vehumet
Xom
Yredelemnul
Zin
The Shining One

Shops:
D:3 *   D:6 [


Innate Abilities, Weirdness & Mutations

You have razor-sharp teeth.
Your natural rate of healing is unusually fast.
When hurt, damage is shared between your health and your magic reserves.
Your bite disrupts and absorbs the magic of your enemies.
Potions cannot restore your health.


Message History

* * * LOW HITPOINT WARNING * * *
You suddenly lose the ability to move!
The hornet stings you but does no damage.
You can move again.
You closely miss the hornet. You bite the hornet. You drain its power.
You feel invigorated.
The hornet is lightly wounded.
The hornet barely misses you. The hornet misses you.
You block the hornet's attack.
Unknown command.
You hit the hornet. Your bite misses the hornet.
The hornet is moderately wounded.
The hornet stings you but does no damage.
The hornet misses you.
Unknown command.
You miss the hornet. Your bite misses the hornet.
The hornet is moderately wounded.
The hornet stings you but does no damage.
The hornet stings you!
* * * LOW HITPOINT WARNING * * *
You feel as though you will be slow longer.
The hornet stings you!
* * * LOW HITPOINT WARNING * * *
You feel as though you will be slow longer.
You catch the helpless hornet completely off-guard!
You hit the hornet.
The hornet is moderately wounded.
The hornet stings you.
* * * LOW HITPOINT WARNING * * *
You feel as though you will be slow longer.
The hornet stings you.
* * * LOW HITPOINT WARNING * * *
You feel as though you will be slow longer.
You barely miss the hornet. Your bite misses the hornet.
The hornet is moderately wounded.
The hornet stings you but does no damage.
The hornet stings you.
* * * LOW HITPOINT WARNING * * *
You suddenly lose the ability to move!
The hornet stings you!
You die...

#### #....[
##.#...###############
..♣.~.♣.......##....###
#.[...~.........<....)
~.#~~≈.~~#.###.......### ♣
..≈..~.#.# ####....)..
~.~~#≈.♣~..# #...))..
.~~....@..## ####....
.~.≈..y~.## #...#..
..~.≈..~.# #...##.
...~..~.~# #.####.
...~..~.## ####.# #.
........# #....###..
..........#######.........
..........##.......#.####.
..........)......###.# #.


You could see a hornet (unable to see you).

Vanquished Creatures
  2 two-headed ogres (D:9)
  A troll (D:9)
  Prince Ribbit (D:8)
  A wyvern (D:8)
  A wraith (D:9)
  A steam dragon (D:8)
  An acid dragon (D:9)
  A water moccasin (D:6)
  6 ice beasts
  An orc warrior (D:6)
  A sky beast (D:8)
  2 black bears (D:7)
  An ogre (D:4)
  A centaur (D:7)
  3 kobold brigands
  3 bullfrogs
  5 scorpions
  A water moccasin zombie (Ossuary)
  A wight (Ossuary)
  4 howler monkeys
  6 centaur zombies (Ossuary)
  A bullfrog zombie (Ossuary)
  4 jellies
  4 orc priests
  A hound (D:4)
  A gnoll bouda (D:5)
  2 iguanas
  4 orc wizards
  2 scorpion zombies (Ossuary)
  Terence (D:3)
  A statue (D:8)
  An ogre zombie (Ossuary)
  Robin (D:1)
  15 adders
  4 river rats (Sewer)
  A shadow imp (D:3)
  3 white imps
  An ufetubus (D:4)
  2 adder zombies (Ossuary)
  5 worms
  A dart slug (D:5)
  40 orcs
  13 endoplasms
  4 giant cockroaches
  5 gnoll zombies (Ossuary)
  17 hobgoblins
  4 jackals (D:4)
  11 ball pythons
  3 bats
  3 frilled lizards
  15 goblins
  A goblin zombie (Ossuary)
  2 hobgoblin zombies (Ossuary)
  18 kobolds
  4 orc zombies (Ossuary)
  34 rats
273 creatures vanquished.

Notes
Turn   | Place    | Note
-------+----------+-------------------------------------------
     0 | D:1      | KamiKatze the Vine Stalker Fighter began the quest for the
                  | Orb.
     0 | D:1      | Reached XP level 1. HP: 11/11 MP: 2/2
   119 | D:1      | Found a faded altar of an unknown god.
   138 | D:1      | Reached XP level 2. HP: 13/16 MP: 3/3
   199 | D:1      | Reached skill level 2 in Axes
   555 | D:2      | Reached XP level 3. HP: 6/19 MP: 2/4
   717 | D:2      | Noticed Robin
   760 | D:1      | Killed Robin
   761 | D:1      | Reached skill level 1 in Evocations
   805 | D:2      | Gained mutation: Your natural rate of healing is unusually
                  | fast. [Vine Stalker growth]
   805 | D:2      | Reached XP level 4. HP: 11/23 MP: 3/5
  1031 | D:2      | Reached skill level 1 in Invocations
  1204 | D:3      | Found a burning altar of Makhleb.
  1210 | D:3      | Reached skill level 1 in Dodging
  1473 | D:3      | Reached XP level 5. HP: 28/28 MP: 6/6
  1475 | D:3      | Found Xeixy's General Store.
  1479 | D:3      | Bought a potion of degeneration for 13 gold pieces
  1553 | D:3      | Noticed Terence
  1562 | D:3      | Killed Terence
  1872 | D:4      | Reached skill level 3 in Axes
  1872 | D:4      | Reached XP level 6. HP: 32/32 MP: 8/8
  1907 | D:4      | Found a sparkling altar of Nemelex Xobeh.
  2113 | D:4      | Got the Parchment of Ruinous Causimancy
  2421 | D:5      | Entered Level 5 of the Dungeon
  2430 | D:5      | Noticed an ice beast
  2448 | D:4      | Reached XP level 7. HP: 36/36 MP: 9/9
  2547 | D:5      | Reached skill level 4 in Axes
  2688 | D:5      | Gained mutation: You have razor-sharp teeth. [Vine Stalker
                  | growth]
  2688 | D:5      | Reached XP level 8. HP: 8/42 MP: 3/11
  2745 | D:5      | Identified the +2 pair of boots of Xoocligh {SInv}
  2814 | D:5      | Identified the +8 whip of Zivvehoe {protect, rN++}
  3436 | D:6      | Found a glowing drain.
  3455 | Sewer    | Entered a sewer
  3482 | Sewer    | Reached skill level 5 in Axes
  3711 | D:6      | Found Xenau's Armour Boutique.
  3749 | D:6      | Reached XP level 9. HP: 42/46 MP: 9/12
  3760 | D:6      | Found a hazy altar of Hepliaklqana.
  3784 | D:6      | Found a sand-covered staircase.
  3793 | Ossuary  | Entered an ossuary
  3928 | Ossuary  | Reached skill level 6 in Axes
  3945 | Ossuary  | Noticed a silent spectre
  4214 | D:6      | Found a snail-covered altar of Cheibriados.
  4229 | D:6      | Found a glowing golden altar of the Shining One.
  4248 | D:6      | Found a hide-covered altar of Uskayaw.
  4252 | D:6      | Became a worshipper of Uskayaw the Reveller
  4656 | D:7      | Reached * piety under Uskayaw
  4657 | D:7      | Reached ** piety under Uskayaw
  4660 | D:7      | Reached *** piety under Uskayaw
  4661 | D:7      | Reached skill level 5 in Fighting
  4747 | D:7      | Found a shimmering blue altar of Sif Muna.
  4852 | D:7      | Found a sacrificial altar of Ru.
  4880 | D:7      | Found a flagged portal.
  4889 | Bailey   | Entered a bailey
  5060 | Bailey   | Noticed an orc knight
  5367 | D:7      | Found a staircase to the Ecumenical Temple.
  5376 | Temple   | Entered the Ecumenical Temple
  5835 | D:8      | Noticed Prince Ribbit
  5847 | D:8      | Killed Prince Ribbit
  5883 | D:8      | Reached skill level 7 in Axes
  5919 | D:8      | Reached skill level 5 in Armour
  6002 | D:8      | Reached XP level 10. HP: 51/51 MP: 14/14
  6031 | D:8      | Reached skill level 5 in Invocations
  6127 | D:8      | Found a radiant altar of Vehumet.
  6294 | D:9      | Reached **** piety under Uskayaw
  6330 | D:9      | Noticed a two-headed ogre
  6338 | D:9      | HP: 1/53 [two-headed ogre/+0 giant club (10)]
  6342 | D:9      | Killed a two-headed ogre
  6514 | D:9      | Found a staircase to the Orcish Mines.
  6518 | D:9      | Reached ***** piety under Uskayaw
  6593 | D:9      | Found a bloodstained altar of Trog.
  6601 | D:9      | Noticed a two-headed ogre
  6618 | D:9      | Killed a two-headed ogre
  6619 | D:9      | Reached skill level 8 in Axes
  6664 | D:9      | Paralysed by a hornet for 2 turns
  6670 | D:9      | Paralysed by a hornet for 1 turns
  6670 | D:9      | Slain by a hornet

Illustrated notes

Levels and vault maps discovered:
D:1:      amcnicky_arrival_choice, layout_rooms, ebering_ecumenical_altar_webs,
          serial_curves, eino_curves_02, eino_curves_01, minmay_misc_feat_rows
D:2:      layout_rooms, serial_aquarium, aquarium_bridge_long_separate
          [aquarium_subvault_wall, aquarium_subvault_window,
          aquarium_subvault_bridge, aquarium_subvault_wall,
          aquarium_subvault_window, aquarium_subvault_bridge],
          aquarium_window_corner, aquarium_window_2, aquarium_view_2e,
          aquarium_view_2c, minmay_pentomino_pile, uniq_robin
D:3:      layout_loops_ring, mainiacjoe_overflow_small_starburst, serial_shops,
          shop, chequers_serial_rivers_micro_e, solitary_fountain,
          minmay_misc_feat_columns, uniq_terence
D:4:      layout_rooms, nemelex_dance_club_becter
D:5:      layout_cave_pods, minmay_circle_x
D:6:      layout_basic, nicolae_overflow_quartered_altars,
          nicolae_ossuary_entry_ruins, cheibrodos_sewer_entry_drain,
          serial_shops, shop
D:7:      layout_rooms, nicolae_overflow_crystal_walls,
          mainiacjoe_overflow_surrounded_room, temple_hall, enter_bailey_8
D:8:      layout_basic, vehumet_statue, uniq_prince_ribbit1
D:9:      layout_rooms, mainiacjoe_overflow_brackets, elyvilon_altar_1,
          minmay_orc_entry_temple_small, chequers_serial_rivers_marsh
Temple:   jpeg_temple_island

Skill      XL: |  1  2  3  4  5  6  7  8  9 10 |
---------------+-------------------------------+-----
Axes           | 2 3 4 5 7 8 |  8.1
Shields        | 3 4 |  4.0
Evocations     | 1 2 3 |  3.0
Invocations    | 1 2 3 4 5 |  5.8
Dodging        | 1 2 3 4 |  4.9
Fighting       | 3 4 5 6 |  6.1
Armour         | 3 4 5 |  5.6

Action                     |  1- 3 |  4- 6 |  7- 9 | 10-12 || total
---------------------------+-------+-------+-------+-------++-------
  Melee: War axe           |    65 |   174 |   408 |   100 ||   747
         Bite              |    11 |    43 |   113 |    35 ||   202
  Throw: Dart              |       |       |     1 |       ||     1
  Evoke: Wand              |       |       |     3 |     1 ||     4
    Use: Scroll            |       |       |    18 |     1 ||    19
         Potion            |       |       |     1 |     2 ||     3
   Stab: Paralysed         |       |       |       |     6 ||     6
         Invisible         |       |       |       |     1 ||     1
 Armour: Scale mail        |    54 |    81 |   258 |    59 ||   452
  Dodge: Dodged            |    36 |    88 |   251 |    61 ||   436
  Block: Buckler           |    20 |    47 |   120 |    19 ||   206
